 Dungeon Sprint DCSS version 0.17-a0-1674-g2b13139 (webtiles) character file.

112357 Kidiri the Imperceptible (level 15, -4/63 HPs)
             Began as a Spriggan Enchanter on Aug 18, 2015.
             Was the Champion of Dithmenos.
             Killed by an exploding giant spore (6 damage)
             ... in the Dungeon (Sprint III: "The Ten Rune Challenge").
             The game lasted 00:53:59 (9923 turns).

Kidiri the Imperceptible (Spriggan Enchanter)       Turns: 9923, Time: 00:54:00

Health: -4/63      AC: 11    Str:  4      XL:     15   Next: 35%
Magic:  44/44      EV: 44    Int: 27      God:    Dithmenos [******]
Gold:   1570       SH:  0    Dex: 28 (29) Spells: 13 memorised, 5 levels left

rFire  . . .     SeeInvis +     t - +9 dagger of Chilly Death {flash freeze, rPois rF- rC++ MR+}
rCold  + + +     Clarity  +     c - +2 robe {rC+ rF+}
rNeg   + + +     SustAt   .     (shield restricted)
rPois  +         Gourm    .     v - +2 hat
rElec  .         Spirit   .     j - +4 cloak of Death's Door {rN+++ Str-2 Dex+7}
rCorr  .         Warding  .     (gloves unavailable)
rMut   .         NoTele   +     (boots unavailable)
MR     ++++.                    (no amulet)
Stlth  ++++++++++               K - ring of the Cuttlefish {Ice MR+ Dex+2}
                                C - ring "Cum Porr" {rF+ Str+2 Int+7}

@: wreathed by umbra, deflect missiles, very quick, incredibly resistant to
hostile enchantments, uncannily stealthy
A: unfitting armour, fangs 1, see invisible, clarity, cold resistance 1,
deterioration 1, herbivore 3, speed 3, high mp 1, slow healing 1, slow
metabolism 2, spit poison 1, wild magic 1, evolution 1
a: Spit Poison, Shadow Step, Shadow Form, Renounce Religion
}: 2/10 runes: decaying, barnacled


You were in the Dungeon.
You worshipped Dithmenos.
Dithmenos was exalted by your worship.
You were not hungry.

You visited 1 branch You collected 2844 gold pieces.
You spent 1274 gold pieces at shops.

Inventory:

Hand weapons
 t - the +9 dagger of Chilly Death (weapon) {flash freeze, rPois rF- rC++ MR+}
   (You found it in the Dungeon)

   It has been specially enchanted to freeze those struck by it, causing extra
   injury to most foes and up to half again as much damage against particularly
   susceptible opponents.
   It can also slow down cold-blooded creatures.
   It makes you vulnerable to fire.
   It greatly protects you from cold.
   It protects you from poison.
   It affects your resistance to hostile enchantments.
 w - the +8 short sword of Cheibriados's Delight {drain, MP+9 Str+4}
   (You bought it in a shop in the Dungeon)

   A truly terrible weapon, it drains the life of those it strikes.
   It affects your strength (+4).
   It affects your magic capacity (+9).
Missiles
 a - 12 throwing nets (quivered)
Armour
 c - a +2 robe of resistance (worn)
 j - the +4 cloak of Death's Door (worn) {rN+++ Str-2 Dex+7}
   (You bought it in a shop in the Dungeon)

   It affects your strength (-2).
   It affects your dexterity (+7).
   It renders you almost immune to negative energy.
 v - a +2 hat (worn)
Jewellery
 C - the ring "Cum Porr" (left hand) {rF+ Str+2 Int+7}
   (You took it off a deep elf high priest in the Dungeon)

   [ring of protection from fire]

   It affects your strength (+2).
   It affects your intelligence (+7).
   It protects you from fire.
 K - the ring of the Cuttlefish (right hand) {Ice MR+ Dex+2}
   (You found it in the Dungeon)

   [ring of ice]

   It enhances your ice magic, and weakens your fire magic.
   It affects your dexterity (+2).
   It makes you vulnerable to fire.
   It protects you from cold.
   It affects your resistance to hostile enchantments.
Magical devices
 m - a wand of frost (16)
 s - a wand of digging (11)
 G - a wand of cold (7)
Scrolls
 l - a scroll of recharging {unknown}
 o - 2 scrolls of remove curse
 r - a scroll of torment
 x - 2 scrolls of enchant armour
 y - a scroll of holy word
 A - 5 scrolls of amnesia
 B - a scroll of silence
Potions
 d - a potion of degeneration {unknown}
 e - 15 potions of curing
 f - a potion of heal wounds
 h - 2 potions of magic
 i - a potion of berserk rage
 k - 2 potions of beneficial mutation {unknown}
 n - a potion of might
 q - 2 potions of cure mutation {unknown}
 u - 2 potions of flight
 D - a potion of invisibility {unknown}
 F - a potion of ambrosia {unknown}
Books
 E - a book of Burglary

   Spells                             Type                      Level
   a - Swiftness                      Charms/Air                   2
   b - Passwall                       Transmutation/Earth          3
   c - Passage of Golubria            Translocation                4
   d - Lee's Rapid Deconstruction     Earth                        5
   e - Darkness                       Hexes                        6
   f - Invisibility                   Hexes                        6
Comestibles
 b - 7 fruits
 p - 31 royal jellies


   Skills:
 + Level 14.1 Short Blades
 * Level 23.7 Dodging
 * Level 25.5 Stealth
 * Level 20.7 Spellcasting
 + Level 10.4 Conjurations
 + Level 15.7 Hexes
 + Level 16.4 Charms
 + Level 9.5 Translocations
 + Level 8.8 Transmutations
 + Level 11.2 Ice Magic
 + Level 11.6 Air Magic
 + Level 6.0 Earth Magic
 - Level 5.8 Invocations


You had 5 spell levels left.
You knew the following spells:

 Your Spells              Type           Power        Failure   Level  Hunger
a - Corona                Hex            #######      1%          1    None
b - Ensorcelled Hibernat  Hex/Ice        ######       1%          2    None
c - Confuse               Hex            ########     1%          3    None
d - Tukima's Dance        Hex            ########     1%          3    None
e - Dazzling Spray        Conj/Hex       #######.     1%          3    None
f - Cause Fear            Hex            ########..   1%          4    None
g - Silence               Hex/Air        ########..   1%          5    None
h - Deflect Missiles      Chrm/Air       ########..   3%          6    None
i - Haste                 Chrm           ########     1%          6    None
j - Discord               Hex            ########..   30%         8    #####..
k - Swiftness             Chrm/Air       ########     1%          2    None
l - Passwall              Trmt/Erth      #######...   1%          3    None
m - Passage of Golubria   Tloc           N/A          2%          4    None


Dungeon Overview and Level Annotations

Branches:
Dungeon (1/1)

Altars:
Cheibriados
Dithmenos
Elyvilon
Fedhas
Gozag
Kikubaaqudgha
Makhleb
Nemelex Xobeh
Okawaru
Qazlal
Ru
Sif Muna
Trog
Vehumet
Xom
Yredelemnul
Zin
The Shining One
Jiyva
Lugonu

Shops:
D %(:((!:%}[%[(%*?}!([!:%=


Innate Abilities, Weirdness & Mutations

You are tiny and cannot use many weapons and most armour.
You have supernaturally acute eyesight.
You are a herbivore.
You cover ground extremely quickly.
You need consume almost no food.
You have very sharp teeth.
You possess an exceptional clarity of mind.
Your flesh is cold resistant.
Your body sometimes deteriorates upon taking damage.
You have an increased reservoir of magic (+10% MP).
You heal slowly when monsters are visible.
You can spit weak poison.
Your spells are a little harder to cast, but a little more powerful.
You evolve.


Message History

The ball lightning explodes!
You hear a clap of thunder!
You hear an explosion!
The explosion of spores engulfs the ball lightning.
The ball lightning explodes!
The blast of lightning engulfs the ballistomycete.
The ballistomycete is destroyed!
The blast of lightning engulfs the active ballistomycete.
The active ballistomycete is destroyed!
The explosion of spores engulfs you!
You feel momentarily confused.
Your body deteriorates!
You feel clumsy.
A fungus suddenly grows.
The blast of lightning engulfs the active ballistomycete.
The active ballistomycete is destroyed!
The blast of lightning engulfs you!
You emit a cloud of dark smoke.
The explosion of spores engulfs you!
You feel momentarily confused.
* * * LOW HITPOINT WARNING * * *
You emit a cloud of dark smoke.
A fungus suddenly grows.
The explosion of spores engulfs the ballistomycete.
The explosion of spores engulfs you!
You feel momentarily confused.
You die...

,,,,,,#'###.......#****,,≈*,▓^^#.
,,,,,≈#≈≈≈##.....##,,,**,≈*,▓..#.
,,,,≈,#+#+###...##*,*,,**+**▓..#.
#++####.#.# ##+###*,**,**,,,▓..#.
+.....#'#####.≈≈≈+*,**,****,▓..#.
#####.#..'∩∩#.≈≈.#,,**,,,,,,▓..#.
,* ##.####∩∩#.≈≈§#*##***+***▓..#.
,###...###..#..§§#.P+≈⌠,,,≈,▓..#.
,+.......+..+.§§@§..#≈≈,≈,≈,▓..+^
,###...###..#≈≈§§#..#,≈,≈,≈,▓####
,* ##.##∩#..#..§§#,.#,,,≈,,,*****
****#.#..#..####'#######+###▓,+,,
,,,,#+#+##..#.#(#.#.#.#.#.#.▓,*,,
,,,,#.+..+..+#.#§#.#.#.#.#.#▓,*,,
,,,,#.####..#.#.#§#.#.#.#.#.▓,***
,,,,+.#,*#######▓▓▓▓▓▓▓▓▓▓▓▓▓,*,,
,,,,###,*,,,,,,,*,,,,+,,,,*,+,*,,


There were no monsters in sight!

Vanquished Creatures
  Norris (D)
  Xtahua (D)
  2 liches (D)
  Rupert (D)
  A deep elf master archer (D)
  A kraken (D)
  Gastronok (D)
  Chuck (D)
  2 sphinxes (D)
  2 shadow dragons (D)
  Dowan (D)
  Roxanne (D)
  Maud (D)
  3 deep elf demonologists (D)
  2 dire elephants (D)
  A deep elf annihilator (D)
  2 fire dragons (D)
  5 mummy priests (D)
  2 deep elf high priests (D)
  A yaktaur captain (D)
  A centaur warrior (D)
  3 hydras (D)
  Erolcha (D)
  An ogre mage (D)
  2 alligator snapping turtles (D)
  A small abomination (D)
  3 orc high priests (D)
  4 dancing weapons (D)
  4 death yaks (D)
  An iron golem (D)
  A shadow wraith (D)
  3 skeletal warriors (D)
  A death drake (D)
  2 deep elf knights (D)
  4 hell knights (D)
  An anaconda zombie (D)
  A spriggan druid (D)
  2 obsidian statues (D)
  2 oklob plants (D)
  A lindwurm (shapeshifter) (D)
  A lindwurm (D)
  A hill giant (shapeshifter) (D)
  4 crystal guardians (D)
  6 ugly things (D)
  2 hornets (D)
  An iron troll simulacrum (D)
  2 elephants (D)
  2 black mambas (D)
  A stone giant skeleton (D)
  2 spiny frogs (D)
  4 statues (D)
  Duvessa (D)
  A komodo dragon (D)
  4 deep elf priests (D)
  4 guardian mummies (D)
  A queen bee (D)
  3 wandering mushrooms (D)
  4 spriggan defenders (D)
  A fire drake (D)
  4 slime creatures (D)
  8 blink frogs (D)
  4 snapping turtles (D)
  2 spriggans (D)
  A redback (shapeshifter) (D)
  2 trapdoor spiders (D)
  A shadow (D)
  4 redbacks (D)
  A spatial vortex (D)
  2 hill giants (D)
  A soldier ant (shapeshifter) (D)
  A hydra simulacrum (D)
  A black mamba simulacrum (D)
  A swamp drake (D)
  A wasp (D)
  A fire dragon simulacrum (D)
  A necrophage (D)
  2 brain worms (D)
  3 two-headed ogres (D)
  A water elemental (D)
  An electric eel (D)
  32 killer bees (D)
  5 orc priests (D)
  A jelly (D)
  3 orc wizards (D)
  Crazy Yiuf (D)
  A wizard (D)
  2 necromancers (D)
  A kobold demonologist (D)
  3 humans (D)
  An ooze (D)
  11 orcs (D)
  3 rats (D)
  A plant (D)
  A tentacle (D)
  A tentacle segment (D)
226 creatures vanquished.

Vanquished Creatures (others)
  2 draconian scorchers (D)
  2 ball lightnings (D)
  3 yaktaurs (D)
  2 fire drakes (D)
  3 ballistomycetes (D)
  A bush (D)
  A fungus (D)
  3 giant spores (D)
  4 plants (D)
  8 tentacles (D)
  219 tentacle segments (D)
248 creatures vanquished.

Grand Total: 474 creatures vanquished

Notes
Turn   | Place    | Note
--------------------------------------------------------------
     0 | D        | Kidiri the Spriggan Enchanter began the quest for the Orb.
     0 | D        | Reached XP level 1. HP: 9/9 MP: 5/5
    14 | D        | Reached skill level 5 in Stealth
    46 | D        | Noticed Crazy Yiuf
    49 | D        | Killed Crazy Yiuf
    49 | D        | Reached skill level 5 in Dodging
    49 | D        | Reached skill level 6 in Stealth
    49 | D        | Reached XP level 2. HP: 13/13 MP: 5/8
    49 | D        | Reached XP level 3. HP: 16/16 MP: 6/10
    69 | D        | Learned a level 2 spell: Ensorcelled Hibernation
    73 | D        | Learned a level 3 spell: Confuse
    77 | D        | Learned a level 3 spell: Tukima's Dance
   113 | D        | Reached skill level 7 in Stealth
   113 | D        | Reached skill level 5 in Spellcasting
   207 | D        | Killed a white draconian scorcher
   242 | D        | Killed a white draconian scorcher
   259 | D        | Killed a fire drake
   284 | D        | Killed a yaktaur
   353 | D        | Gained mutation: Your body sometimes deteriorates upon taking damage. [potion of mutation]
   353 | D        | Gained mutation: You can spit weak poison. [potion of mutation]
   353 | D        | Gained mutation: You have very sharp teeth. [potion of mutation]
   354 | D        | Gained mutation: Armour fits poorly on your strangely shaped body. [potion of mutation]
   354 | D        | Gained mutation: You possess an exceptional clarity of mind. [potion of mutation]
   355 | D        | Gained mutation: You evolve. [potion of mutation]
   355 | D        | Gained mutation: Your spells are a little harder to cast, but a little more powerful. [potion of mutation]
   363 | D        | Learned a level 3 spell: Dazzling Spray
   563 | D        | Noticed a water elemental
   565 | D        | Killed a water elemental
   565 | D        | Reached skill level 8 in Stealth
   565 | D        | Reached skill level 1 in Conjurations
   565 | D        | Reached skill level 5 in Hexes
   565 | D        | Reached skill level 1 in Ice Magic
   565 | D        | Reached XP level 4. HP: 21/21 MP: 10/12
   575 | D        | Noticed a jelly
   585 | D        | Noticed a shadow
   591 | D        | Killed a jelly
   591 | D        | Reached XP level 5. HP: 24/24 MP: 12/14
   801 | D        | Killed a shadow
   801 | D        | Reached skill level 10 in Stealth
   801 | D        | Reached XP level 6. HP: 28/28 MP: 0/17
   944 | D        | Found a stormy altar of Qazlal.
   944 | D        | Found a sacrificial altar of Ru.
   944 | D        | Found a burning altar of Makhleb.
   944 | D        | Found a shimmering altar of Xom.
   945 | D        | Found a viscous altar of Jiyva.
   945 | D        | Found a shadowy altar of Dithmenos.
   945 | D        | Found a sparkling altar of Nemelex Xobeh.
   945 | D        | Found a corrupted altar of Lugonu.
   945 | D        | Found an opulent altar of Gozag.
   945 | D        | Noticed a spatial vortex
   950 | D        | Became a worshipper of Dithmenos the Shadowed
  1239 | D        | Killed a spatial vortex
  1239 | D        | Reached skill level 5 in Short Blades
  1239 | D        | Reached skill level 11 in Stealth
  1239 | D        | Reached skill level 1 in Invocations
  1371 | D        | Found a radiant altar of Vehumet.
  1372 | D        | Found a deep blue altar of Sif Muna.
  1372 | D        | Found an ancient bone altar of Kikubaaqudgha.
  1372 | D        | Noticed a wizard
  1373 | D        | Killed a wizard
  1388 | D        | Learned a level 4 spell: Cause Fear
  1394 | D        | Learned a level 5 spell: Silence
  1404 | D        | Found a glowing silver altar of Zin.
  1405 | D        | Found a glowing golden altar of the Shining One.
  1405 | D        | Found a white marble altar of Elyvilon.
  1405 | D        | Noticed a deep elf priest
  1407 | D        | Killed a deep elf priest
  1407 | D        | Reached skill level 10 in Dodging
  1407 | D        | Reached skill level 1 in Air Magic
  1407 | D        | Reached XP level 7. HP: 32/32 MP: 18/20
  1423 | D        | Found an iron altar of Okawaru.
  1424 | D        | Found a bloodstained altar of Trog.
  1424 | D        | Noticed a human
  1424 | D        | Noticed a human
  1426 | D        | Killed a human
  1426 | D        | Reached skill level 12 in Stealth
  1427 | D        | Killed a human
  1443 | D        | Found a snail-covered altar of Cheibriados.
  1443 | D        | Noticed a necrophage
  1444 | D        | Found a basalt altar of Yredelemnul.
  1444 | D        | Found a blossoming altar of Fedhas.
  1444 | D        | Noticed a necromancer
  1445 | D        | Killed a necrophage
  1445 | D        | Acquired Dithmenos's first power
  1445 | D        | Reached XP level 8. HP: 36/36 MP: 22/22
  1446 | D        | Killed a necromancer
  1600 | D        | Noticed a two-headed ogre
  1600 | D        | Noticed a two-headed ogre
  1604 | D        | Killed a two-headed ogre
  1606 | D        | Killed a two-headed ogre
  1606 | D        | Reached skill level 10 in Spellcasting
  1610 | D        | Noticed a two-headed ogre
  1611 | D        | Killed a two-headed ogre
  1611 | D        | Acquired Dithmenos's second power
  1621 | D        | Learned a level 6 spell: Deflect Missiles
  1624 | D        | Noticed a hill giant
  1627 | D        | Killed a hill giant
  1627 | D        | Reached skill level 13 in Stealth
  1627 | D        | Reached skill level 1 in Charms
  1688 | D        | Noticed a hill giant
  1688 | D        | Noticed Erolcha
  1705 | D        | Killed a hill giant
  1712 | D        | Killed Erolcha
  1712 | D        | Reached XP level 9. HP: 19/39 MP: 12/24
  1779 | D        | Killed a fire drake
  1866 | D        | Noticed a redback
  1868 | D        | Killed a redback
  1868 | D        | Reached skill level 14 in Stealth
  1885 | D        | Noticed a trapdoor spider
  1888 | D        | Killed a trapdoor spider
  1888 | D        | Acquired Dithmenos's third power
  1929 | D        | Noticed a trapdoor spider
  1933 | D        | Killed a trapdoor spider
  1966 | D        | Noticed a killer bee
  1966 | D        | Noticed a killer bee
  1966 | D        | Noticed a killer bee
  1966 | D        | Noticed a killer bee
  1966 | D        | Noticed a killer bee
  1966 | D        | Noticed a killer bee
  1966 | D        | Noticed a killer bee
  1966 | D        | Noticed a killer bee
  1966 | D        | Noticed a killer bee
  1966 | D        | Noticed a killer bee
  1966 | D        | Noticed a killer bee
  1966 | D        | Noticed a killer bee
  1966 | D        | Noticed a killer bee
  1966 | D        | Noticed a killer bee
  1966 | D        | Noticed a killer bee
  1967 | D        | Noticed a queen bee
  1967 | D        | Noticed a killer bee
  1967 | D        | Noticed a killer bee
  1967 | D        | Noticed a killer bee
  1967 | D        | Noticed a killer bee
  1967 | D        | Noticed a killer bee
  1967 | D        | Noticed a killer bee
  1967 | D        | Noticed a killer bee
  1967 | D        | Noticed a killer bee
  1967 | D        | Noticed a killer bee
  1967 | D        | Noticed a killer bee
  1967 | D        | Noticed a killer bee
  1967 | D        | Noticed a killer bee
  1967 | D        | Noticed a killer bee
  1967 | D        | Noticed a killer bee
  1967 | D        | Noticed a killer bee
  1967 | D        | Noticed a killer bee
  1967 | D        | Noticed a killer bee
  1968 | D        | Killed a killer bee
  1968 | D        | Reached skill level 5 in Ice Magic
  1968 | D        | Reached skill level 5 in Invocations
  1971 | D        | Killed a killer bee
  1973 | D        | Killed a killer bee
  1975 | D        | Killed a queen bee
  1975 | D        | Acquired Dithmenos's fourth power
  1977 | D        | Killed a killer bee
  1979 | D        | Killed a killer bee
  1981 | D        | Killed a killer bee
  1981 | D        | Reached skill level 5 in Charms
  1983 | D        | Killed a killer bee
  1987 | D        | Killed a killer bee
  1992 | D        | Killed a killer bee
  2147 | D        | Killed a killer bee
  2149 | D        | Killed a killer bee
  2157 | D        | Killed a killer bee
  2159 | D        | Killed a killer bee
  2166 | D        | Killed a killer bee
  2168 | D        | Killed a killer bee
  2232 | D        | Killed a killer bee
  2233 | D        | Killed a killer bee
  2233 | D        | Reached skill level 15 in Stealth
  2235 | D        | Killed a killer bee
  2238 | D        | Killed a killer bee
  2241 | D        | Killed a killer bee
  2274 | D        | Killed a killer bee
  2471 | D        | Killed a killer bee
  2478 | D        | Killed a killer bee
  2493 | D        | Killed a killer bee
  2495 | D        | Killed a killer bee
  2495 | D        | Reached XP level 10. HP: 42/44 MP: 21/27
  2497 | D        | Killed a killer bee
  2502 | D        | Killed a killer bee
  2518 | D        | Learned a level 6 spell: Haste
  2521 | D        | Killed a killer bee
  2521 | D        | Reached skill level 5 in Conjurations
  2534 | D        | Killed a killer bee
  2544 | D        | Killed a killer bee
  2546 | D        | Killed a killer bee
  2547 | D        | Killed a killer bee
  2682 | D        | Noticed a wandering mushroom
  2683 | D        | Noticed a wandering mushroom
  2683 | D        | Noticed a wandering mushroom
  2684 | D        | Killed a wandering mushroom
  2686 | D        | Killed a wandering mushroom
  2687 | D        | Killed a wandering mushroom
  2687 | D        | Reached skill level 5 in Air Magic
  2730 | D        | Noticed a spiny frog
  2730 | D        | Noticed a komodo dragon
  2730 | D        | Noticed a spiny frog
  2735 | D        | Killed a spiny frog
  2740 | D        | Killed a spiny frog
  2740 | D        | Reached skill level 16 in Stealth
  2743 | D        | Killed a komodo dragon
  2801 | D        | Noticed a redback
  2803 | D        | Killed a redback
  2804 | D        | Noticed a brain worm
  2812 | D        | Killed a brain worm
  2825 | D        | Noticed a brain worm
  2829 | D        | Killed a brain worm
  2833 | D        | Noticed a lindwurm
  2835 | D        | Noticed a redback
  2836 | D        | Killed a lindwurm
  2838 | D        | Killed a redback
  2844 | D        | Noticed a redback
  2845 | D        | Killed a redback
  2845 | D        | Reached skill level 10 in Hexes
  2846 | D        | Noticed Maud
  2848 | D        | Killed Maud
  2848 | D        | Reached skill level 15 in Dodging
  2848 | D        | Reached skill level 17 in Stealth
  2848 | D        | Reached XP level 11. HP: 47/47 MP: 27/29
  2857 | D        | Noticed an electric eel
  2858 | D        | Noticed a four-headed hydra
  2858 | D        | Noticed an eight-headed hydra
  2859 | D        | Killed an electric eel
  2861 | D        | Killed a four-headed hydra
  2862 | D        | Killed an eight-headed hydra
  2875 | D        | Noticed a death drake
  2877 | D        | Killed a death drake
  2887 | D        | Found a blossoming altar of Fedhas.
  2887 | D        | Noticed a spriggan
  2887 | D        | Noticed a spriggan druid
  2887 | D        | Noticed a spriggan
  2889 | D        | Killed a spriggan druid
  2890 | D        | Killed a spriggan
  2891 | D        | Killed a spriggan
  3012 | D        | Noticed a swamp drake
  3012 | D        | Noticed a fire drake
  3013 | D        | Killed a fire drake
  3015 | D        | Killed a swamp drake
  3022 | D        | Noticed a blink frog
  3022 | D        | Noticed a blink frog
  3022 | D        | Noticed a blink frog
  3023 | D        | Noticed a blink frog
  3023 | D        | Noticed a blink frog
  3031 | D        | Killed a blink frog
  3032 | D        | Killed a blink frog
  3032 | D        | Reached skill level 18 in Stealth
  3033 | D        | Killed a blink frog
  3034 | D        | Killed a blink frog
  3044 | D        | Killed a blink frog
  3147 | D        | Noticed Rupert
  3149 | D        | Killed Rupert
  3149 | D        | Reached skill level 10 in Charms
  3155 | D        | Noticed a death yak
  3156 | D        | Noticed a death yak
  3156 | D        | Noticed a blink frog
  3157 | D        | Killed a death yak
  3158 | D        | Noticed an azure jelly
  3158 | D        | Noticed a death yak
  3158 | D        | Noticed an azure jelly
  3158 | D        | Noticed a blink frog
  3158 | D        | Noticed a death yak
  3159 | D        | Killed a death yak
  3159 | D        | Reached skill level 15 in Spellcasting
  3160 | D        | Killed a blink frog
  3161 | D        | Noticed a blink frog
  3161 | D        | Noticed a black mamba
  3162 | D        | Killed a death yak
  3162 | D        | Reached skill level 10 in Short Blades
  3162 | D        | Reached skill level 19 in Stealth
  3162 | D        | Reached XP level 12. HP: 51/51 MP: 23/32
  3164 | D        | Killed a blink frog
  3165 | D        | Noticed a black mamba
  3166 | D        | Killed a blink frog
  3167 | D        | Killed a death yak
  3172 | D        | Killed a black mamba
  3176 | D        | Killed a black mamba
  3188 | D        | Noticed an azure jelly
  3188 | D        | Noticed an azure jelly
  3239 | D        | Learned a level 8 spell: Discord
  3248 | D        | Noticed a fire dragon
  3280 | D        | Killed a fire dragon
  3343 | D        | Killed a yaktaur
  3348 | D        | Found Ympiuh's Food Shoppe.
  3348 | D        | Found Lykeosymn's Antique Weapon Boutique.
  3353 | D        | Killed a yaktaur
  3380 | D        | Found Kisyr's Book Emporium.
  3477 | D        | Noticed a six-headed hydra
  3477 | D        | Noticed Xtahua
  3479 | D        | Killed Xtahua
  3481 | D        | Killed a six-headed hydra
  3481 | D        | Reached skill level 20 in Stealth
  3487 | D        | Got a decaying rune of Zot
  3801 | D        | Noticed an elephant
  3801 | D        | Noticed an elephant
  3801 | D        | Noticed a dire elephant
  3801 | D        | Noticed a dire elephant
  3801 | D        | Noticed Gastronok
  3803 | D        | Killed Gastronok
  3804 | D        | Killed a dire elephant
  3806 | D        | Killed a dire elephant
  3812 | D        | Killed an elephant
  3814 | D        | Killed an elephant
  3892 | D        | Noticed Dowan
  3892 | D        | Noticed Duvessa
  3918 | D        | Noticed an orc priest
  3919 | D        | Noticed an orc priest
  3919 | D        | Noticed an orc wizard
  3919 | D        | Noticed an orc wizard
  3919 | D        | Noticed an orc high priest
  3919 | D        | Noticed an orc wizard
  3919 | D        | Noticed an orc priest
  3919 | D        | Found Zyciuneu's Antique Weapon Shop.
  3920 | D        | Killed an orc priest
  3930 | D        | Killed an orc high priest
  3939 | D        | Killed an orc wizard
  3941 | D        | Killed an orc wizard
  3942 | D        | Killed an orc wizard
  3950 | D        | Killed an orc priest
  3958 | D        | Killed an orc priest
  4088 | D        | Bought a twisted short sword for 200 gold pieces
  4088 | D        | Identified the +8 short sword of Cheibriados's Delight {drain, MP+9 Str+4} (You bought it in a shop in the Dungeon)
  4176 | D        | Noticed a deep elf knight
  4176 | D        | Noticed a deep elf priest
  4176 | D        | Noticed a deep elf priest
  4176 | D        | Noticed a deep elf knight
  4176 | D        | Noticed a deep elf priest
  4202 | D        | Killed a deep elf priest
  4203 | D        | Killed a deep elf priest
  4203 | D        | Reached XP level 13. HP: 55/55 MP: 34/34
  4204 | D        | Killed a deep elf priest
  4205 | D        | Killed a deep elf knight
  4205 | D        | Reached skill level 21 in Stealth
  4217 | D        | Killed a deep elf knight
  4227 | D        | Noticed a deep elf demonologist
  4393 | D        | Noticed a deep elf high priest
  4400 | D        | Killed a deep elf demonologist
  4403 | D        | Killed a deep elf high priest
  4551 | D        | Noticed a deep elf demonologist
  4555 | D        | Noticed a deep elf annihilator
  4556 | D        | Killed a deep elf demonologist
  4557 | D        | Noticed a deep elf master archer
  4595 | D        | Noticed a deep elf demonologist
  4610 | D        | Noticed a deep elf high priest
  4611 | D        | Killed a deep elf master archer
  4713 | D        | Killed a deep elf demonologist
  4873 | D        | Killed a deep elf annihilator
  5041 | D        | Gained mutation: Your flesh is cold resistant. [evolution]
  5170 | D        | Killed a deep elf high priest
  5398 | D        | Killed Dowan
  5398 | D        | Reached skill level 22 in Stealth
  5422 | D        | Killed Duvessa
  5569 | D        | Noticed an orc high priest
  5569 | D        | Noticed an orc priest
  5570 | D        | Noticed an orc priest
  5570 | D        | Noticed an orc high priest
  5571 | D        | Killed an orc high priest
  5572 | D        | Killed an orc priest
  5574 | D        | Killed an orc priest
  5575 | D        | Killed an orc high priest
  5678 | D        | Noticed an obsidian statue
  5682 | D        | Noticed a spriggan defender
  5683 | D        | Noticed a spriggan defender
  5683 | D        | Noticed a spriggan defender
  5683 | D        | Noticed a spriggan defender
  5684 | D        | Killed a spriggan defender
  5685 | D        | Killed a spriggan defender
  5694 | D        | Killed a spriggan defender
  5890 | D        | Killed a spriggan defender
  5978 | D        | Noticed a white ugly thing
  5981 | D        | Killed a white ugly thing
  5992 | D        | Noticed a centaur warrior
  5996 | D        | Killed a centaur warrior
  6004 | D        | Noticed a slime creature
  6007 | D        | Killed a slime creature
  6018 | D        | Noticed a fire dragon
  6020 | D        | Killed a fire dragon
  6033 | D        | Noticed a glaive of freezing
  6033 | D        | Noticed a short sword of flaming
  6034 | D        | Noticed a battleaxe of chopping
  6035 | D        | Noticed a glaive of venom
  6036 | D        | Killed a battleaxe of chopping
  6038 | D        | Killed a glaive of venom
  6041 | D        | Killed a short sword of flaming
  6042 | D        | Killed a glaive of freezing
  6042 | D        | Reached skill level 10 in Air Magic
  6134 | D        | Noticed a yaktaur
  6202 | D        | Got a shimmering pewter ring
  6221 | D        | Got a sparkling gossamer ring
  6225 | D        | Identified the ring "Cum Porr" {rF+ Str+2 Int+7} (You took it off a deep elf high priest in the Dungeon)
  6227 | D        | Identified the ring of the Cuttlefish {Ice MR+ Dex+2} (You found it in the Dungeon)
  6342 | D        | Learned a level 2 spell: Swiftness
  6346 | D        | Learned a level 3 spell: Passwall
  6423 | D        | Killed an obsidian statue
  6620 | D        | Found Sanywk's Distillery.
  6620 | D        | Found Pype's Antique Armour Shop.
  6620 | D        | Found Ysiwne's Magic Scroll Boutique.
  6620 | D        | Found Ticitox's Jewellery Shoppe.
  6620 | D        | Found Irurrox's Gadget Boutique.
  6620 | D        | Found Cauveech's Weapon Emporium.
  6620 | D        | Found Xyhop's Assorted Antiques.
  6620 | D        | Found Yjuxel's Food Shop.
  6620 | D        | Found Jiont's Food Shop.
  6620 | D        | Found Ireklonu's Book Emporium.
  6620 | D        | Found Goaps's Antique Weapon Emporium.
  6620 | D        | Found Gagh's Distillery.
  6657 | D        | Bought a slimy cloak for 228 gold pieces
  6667 | D        | Identified the +4 cloak of Death's Door {rN+++ Str-2 Dex+7} (You bought it in a shop in the Dungeon)
  6676 | D        | Bought a scroll of identify for 54 gold pieces
  6677 | D        | Bought a scroll of enchant armour for 97 gold pieces
  6677 | D        | Bought a scroll of identify for 26 gold pieces
  6677 | D        | Bought a scroll of enchant armour for 97 gold pieces
  6677 | D        | Bought a scroll of holy word for 97 gold pieces
  6678 | D        | Bought a potion of curing for 33 gold pieces
  6678 | D        | Bought a potion of heal wounds for 55 gold pieces
  6678 | D        | Bought 2 potions of heal wounds for 110 gold pieces
  6678 | D        | Bought a potion of curing for 33 gold pieces
  6678 | D        | Bought a potion of curing for 33 gold pieces
  6678 | D        | Bought a potion of curing for 33 gold pieces
  6678 | D        | Bought a potion of curing for 33 gold pieces
  6694 | D        | Noticed a crystal guardian
  6694 | D        | Noticed a crystal guardian
  6694 | D        | Noticed a crystal guardian
  6694 | D        | Noticed a crystal guardian
  6695 | D        | Killed a crystal guardian
  6697 | D        | Killed a crystal guardian
  6698 | D        | Killed a crystal guardian
  6700 | D        | Killed a crystal guardian
  6743 | D        | Noticed a black mamba simulacrum
  6743 | D        | Noticed a five-headed hydra simulacrum
  6743 | D        | Noticed a fire dragon simulacrum
  6743 | D        | Killed a fire dragon simulacrum
  6744 | D        | Killed a five-headed hydra simulacrum
  6744 | D        | Reached XP level 14. HP: 59/59 MP: 32/37
  6745 | D        | Killed a black mamba simulacrum
  6789 | D        | Identified Lehudib's Guide on Flamy Confrontation
  6811 | D        | Learned a level 4 spell: Passage of Golubria
  6874 | D        | Noticed a snapping turtle
  6876 | D        | Noticed a kraken
  6876 | D        | Noticed a snapping turtle
  6877 | D        | Killed a snapping turtle
  6878 | D        | Noticed an alligator snapping turtle
  6878 | D        | Noticed a snapping turtle
  6878 | D        | Noticed a snapping turtle
  6878 | D        | Noticed an alligator snapping turtle
  6878 | D        | Found Ligeij's Book Boutique.
  6878 | D        | Found Vylus's Distillery.
  6878 | D        | Found Kammeos's Antique Weapon Emporium.
  6879 | D        | Killed a snapping turtle
  6881 | D        | Killed a snapping turtle
  6887 | D        | Killed an alligator snapping turtle
  6887 | D        | Reached skill level 23 in Stealth
  6887 | D        | Reached skill level 1 in Translocations
  6887 | D        | Reached skill level 1 in Transmutations
  6890 | D        | Killed a snapping turtle
  6890 | D        | Reached skill level 1 in Earth Magic
  6895 | D        | Killed an alligator snapping turtle
  7078 | D        | Killed a kraken
  7091 | D        | Got a barnacled rune of Zot
  7095 | D        | Bought a potion of curing for 30 gold pieces
  7095 | D        | Bought a potion of mutation for 25 gold pieces
  7095 | D        | Bought a potion of curing for 30 gold pieces
  7095 | D        | Bought 2 potions of curing for 60 gold pieces
  7096 | D        | Gained mutation: You have an increased reservoir of magic (+10% MP). [potion of mutation]
  7096 | D        | Gained mutation: You heal slowly when monsters are visible. [potion of mutation]
  7226 | D        | Noticed a yaktaur captain
  7226 | D        | Noticed a white ugly thing
  7226 | D        | Noticed a slime creature
  7227 | D        | Noticed a slime creature
  7227 | D        | Noticed a white ugly thing
  7228 | D        | Killed a white ugly thing
  7229 | D        | Killed a slime creature
  7231 | D        | Killed a white ugly thing
  7235 | D        | Killed a slime creature
  7332 | D        | Killed a yaktaur captain
  7332 | D        | Reached skill level 10 in Ice Magic
  7437 | D        | Noticed a skeletal warrior
  7438 | D        | Noticed an iron golem
  7439 | D        | Killed a skeletal warrior
  7440 | D        | Killed an iron golem
  7443 | D        | Noticed a necromancer
  7445 | D        | Killed a necromancer
  7474 | D        | Noticed a hell knight
  7474 | D        | Noticed a hell knight
  7475 | D        | Noticed a hell knight
  7475 | D        | Noticed a hell knight
  7476 | D        | Killed a hell knight
  7477 | D        | Killed a hell knight
  7486 | D        | Killed a hell knight
  7487 | D        | Killed a hell knight
  7737 | D        | Noticed a lich
  7739 | D        | Killed a lich
  7753 | D        | Noticed a sphinx
  7753 | D        | Noticed a sphinx
  7757 | D        | Killed a sphinx
  7757 | D        | Reached skill level 5 in Translocations
  7757 | D        | Reached skill level 5 in Transmutations
  7758 | D        | Killed a sphinx
  7758 | D        | Reached skill level 24 in Stealth
  7758 | D        | Reached skill level 15 in Charms
  7764 | D        | Noticed a guardian mummy
  7764 | D        | Noticed a mummy priest
  7765 | D        | Noticed a guardian mummy
  7767 | D        | Killed a mummy priest
  7768 | D        | Killed a guardian mummy
  7769 | D        | Noticed a mummy priest
  7770 | D        | Killed a guardian mummy
  7845 | D        | Noticed a guardian mummy
  7846 | D        | Killed a mummy priest
  7847 | D        | Lost mutation: Armour fits poorly on your strangely shaped body. [evolution]
  7852 | D        | Noticed a mummy priest
  7853 | D        | Killed a guardian mummy
  7863 | D        | Killed a mummy priest
  8102 | D        | Noticed a mummy priest
  8104 | D        | Killed a mummy priest
  8104 | D        | Reached skill level 15 in Hexes
  8119 | D        | Noticed a guardian mummy
  8122 | D        | Killed a guardian mummy
  8239 | D        | Noticed a hill giant
  8239 | D        | Noticed a cyan ugly thing
  8241 | D        | Killed a cyan ugly thing
  8242 | D        | Noticed Chuck
  8243 | D        | Killed a hill giant
  8246 | D        | Killed Chuck
  8375 | D        | Noticed a lindwurm
  8375 | D        | Noticed a cyclops
  8377 | D        | Noticed a mana viper
  8377 | D        | Noticed Norris
  8381 | D        | Killed a lindwurm
  8384 | D        | a mana viper changed into a swamp dragon
  8418 | D        | Killed Norris
  8418 | D        | Reached skill level 10 in Conjurations
  8566 | D        | Noticed a purple ugly thing
  8569 | D        | Killed a purple ugly thing
  8585 | D        | Noticed a lich
  8587 | D        | Killed a lich
  8587 | D        | Reached skill level 5 in Earth Magic
  8587 | D        | Reached XP level 15. HP: 63/63 MP: 37/43
  8597 | D        | Noticed a shadow dragon
  8597 | D        | Noticed an ogre mage
  8597 | D        | Noticed a shadow dragon
  8599 | D        | Killed a shadow dragon
  8600 | D        | Killed a shadow dragon
  8601 | D        | Killed an ogre mage
  8601 | D        | Reached skill level 25 in Stealth
  8610 | D        | Noticed an obsidian statue
  8610 | D        | Noticed a purple ugly thing
  8610 | D        | Noticed a slime creature
  8612 | D        | Killed a slime creature
  8618 | D        | Killed a purple ugly thing
  8638 | D        | Killed an obsidian statue
  8890 | D        | Noticed a fire elementalist statue
  8890 | D        | Noticed a water elementalist statue
  8890 | D        | Noticed an earth elementalist statue
  8890 | D        | Noticed an air elementalist statue
  8921 | D        | Killed a fire elementalist statue
  9121 | D        | Killed a water elementalist statue
  9141 | D        | Killed an air elementalist statue
  9162 | D        | Killed an earth elementalist statue
  9357 | D        | Noticed an anaconda zombie
  9359 | D        | Killed an anaconda zombie
  9363 | D        | Noticed a stone giant skeleton
  9365 | D        | Killed a stone giant skeleton
  9383 | D        | Found Rerrig's Gadget Emporium.
  9383 | D        | Found Ahanuust's Food Shop.
  9383 | D        | Found Nadiecov's Armour Shop.
  9383 | D        | Found Ocsiefra's Armour Shoppe.
  9383 | D        | Noticed an oklob plant
  9384 | D        | Noticed an oklob plant
  9385 | D        | Killed an oklob plant
  9386 | D        | Killed an oklob plant
  9403 | D        | Found Basualo's Food Boutique.
  9403 | D        | Noticed an iron troll simulacrum
  9409 | D        | Killed an iron troll simulacrum
  9418 | D        | Noticed Roxanne
  9499 | D        | Killed Roxanne
  9742 | D        | Noticed a hornet
  9744 | D        | Killed a hornet
  9750 | D        | Noticed a hornet
  9751 | D        | Noticed a wasp
  9754 | D        | Killed a wasp
  9756 | D        | Killed a hornet
  9775 | D        | Noticed a mummy priest
  9776 | D        | Noticed a shadow wraith
  9776 | D        | Noticed a skeletal warrior
  9776 | D        | Noticed a skeletal warrior
  9777 | D        | Killed a mummy priest
  9797 | D        | Killed a shadow wraith
  9809 | D        | Killed a skeletal warrior
  9814 | D        | Killed a skeletal warrior
  9921 | D        | Noticed a ball lightning
  9921 | D        | Noticed a ball lightning
  9921 | D        | Noticed a ball lightning
  9923 | D        | Killed a ball lightning
  9923 | D        | Killed a ball lightning
  9923 | D        | Killed a ball lightning
  9923 | D        | HP: 2/63 [something (24)]
  9923 | D        | Killed by an exploding giant spore

Vault maps used:
D:        dungeon_sprint_mu

Action                   |  1- 3 |  4- 6 |  7- 9 | 10-12 | 13-15 || total
-------------------------+-------+-------+-------+-------+-------++-------
Melee: Dagger            |    13 |    21 |    61 |   108 |   252 ||   455
       Short sword       |       |       |       |     1 |    44 ||    45
 Cast: Confuse           |     2 |     2 |     1 |     1 |    14 ||    20
       Ensorcelled Hiber |     1 |       |    50 |    16 |    23 ||    90
       Dazzling Spray    |       |    19 |       |    26 |   159 ||   204
       Corona            |       |     1 |       |       |     1 ||     2
       Passwall          |       |       |       |       |     2 ||     2
       Deflect Missiles  |       |       |       |       |     1 ||     1
       Tukima's Dance    |       |       |       |       |     2 ||     2
       Passage of Golubr |       |       |       |       |     2 ||     2
Invok: Shadow Step       |       |       |     1 |    12 |    26 ||    39
  Use: Scroll            |     3 |     1 |       |       |     7 ||    11
       Potion            |     3 |     1 |       |       |    10 ||    14
 Stab: Sleeping          |     6 |     4 |    37 |    45 |    68 ||   160
       Confused          |     1 |     1 |     2 |       |     3 ||     7
       Invisible         |       |       |       |     5 |     5 ||    10
       Distracted        |       |       |       |       |     1 ||     1
  Eat: Bread ration      |       |       |     1 |       |       ||     1
       Fruit             |       |       |       |       |     3 ||     3
